[ AOE2 MATCH · #506351199 ]
UnrankedRomans vs Wu
Player's team · WIN
Rival team · LOSS
[ REPLAY ANALYSIS · EXTRACTED FROM THE RECORDED GAME ]
Feudal
10:22
Castle
21:02
Imperial
36:42
| APM avg | 54.1 |
| APM peak | 101 |
| eAPM avg | 32.4 |
| Villagers / military | 180 / 168 |
Focus
⚔️ 42.4% · 🌾 57.6%
Militia ×95 · Archer ×41 · Skirmisher ×13 · Battering Ram ×9 · Mangonel ×4 · Monk ×2
Feudal
13:58
Castle
21:40
Imperial
37:20
| APM avg | 50.5 |
| APM peak | 95 |
| eAPM avg | 23.6 |
| Villagers / military | 202 / 77 |
Focus
⚔️ 36.9% · 🌾 63.1%
Unknown (1968) ×43 · Archer ×41 · Skirmisher ×30 · Unknown (1974) ×7 · Militia ×4 · Unknown (1942) ×3
Match map
Initial resources + every placement click. Lines = walls · curves = elevation contours. ◆ gold · ⬟ stone · ● berries · ✦ relic · ◌ wall gap
Your base· Open — 5t gap
chandu champion's base· Open — 7t gap
Smoothed initial terrain · ◌ = detected wall gap · hover for details
Inputs per minute
— OSO_CT - - chandu champion
Build order — OSO_CT
First 150 of 546 actions detected
| 0:00 | Queue | Villager (Male) |
| 0:01 | Queue | Villager (Male) |
| 0:01 | Queue | Villager (Male) |
| 0:01 | Queue | Villager (Male) |
| 0:02 | Build | House |
| 0:03 | Build | House |
| 1:33 | Queue | Villager (Male) |
| 1:33 | Queue | Villager (Male) |
| 1:55 | Queue | Villager (Male) |
| 2:10 | Build | Lumber Camp |
| 2:19 | Queue | Villager (Male) |
| 2:19 | Queue | Villager (Male) |
| 2:42 | Queue | Villager (Male) |
| 2:42 | Queue | Villager (Male) |
| 2:59 | Queue | Villager (Male) |
| 3:28 | Queue | Villager (Male) |
| 3:45 | Queue | Villager (Male) |
| 3:54 | Build | House |
| 4:34 | Queue | Villager (Male) |
| 4:34 | Queue | Villager (Male) |
| 4:37 | Build | Barracks |
| 4:57 | Queue | Villager (Male) |
| 5:08 | Queue | Villager (Male) |
| 5:11 | Build | House |
| 5:28 | Queue | Villager (Male) |
| 5:30 | Queue | Militia |
| 5:30 | Queue | Militia |
| 5:43 | Build | Palisade Wall |
| 5:44 | Build | Palisade Wall |
| 5:52 | Queue | Militia |
| 6:15 | Queue | Militia |
| 6:21 | Build | Mill |
| 6:26 | Queue | Villager (Male) |
| 6:46 | Queue | Villager (Male) |
| 7:11 | Queue | Villager (Male) |
| 7:16 | Build | House |
| 7:40 | Research | Loom |
| 8:12 | Research | Feudal Age |
| 9:03 | Build | Palisade Wall |
| 9:24 | Build | House |
| 9:27 | Build | Palisade Wall |
| 9:45 | Build | Palisade Wall |
| 9:56 | Build | Palisade Wall |
| 10:13 | Queue | Villager (Male) |
| 10:16 | Build | Mill |
| 10:22 | Age | Feudal Age |
| 10:26 | Build | Archery Range |
| 10:34 | Queue | Villager (Male) |
| 10:36 | Build | Mining Camp |
| 11:01 | Queue | Villager (Male) |
| 11:04 | Build | Palisade Wall |
| 11:07 | Build | Palisade Wall |
| 11:08 | Build | Palisade Wall |
| 11:10 | Build | Palisade Wall |
| 11:21 | Queue | Villager (Male) |
| 11:22 | Queue | Skirmisher |
| 11:28 | Build | Palisade Wall |
| 11:32 | Research | Double-Bit Axe |
| 11:35 | Queue | Villager (Male) |
| 11:44 | Queue | Villager (Male) |
| 11:46 | Build | Farm |
| 11:49 | Build | Farm |
| 11:51 | Build | Farm |
| 11:54 | Queue | Villager (Male) |
| 11:57 | Build | Farm |
| 12:10 | Build | Palisade Wall |
| 12:15 | Queue | Archer |
| 12:21 | Queue | Spearman |
| 12:21 | Queue | Villager (Male) |
| 12:26 | Build | Farm |
| 12:30 | Queue | Villager (Male) |
| 12:33 | Build | House |
| 12:36 | Queue | Archer |
| 12:50 | Queue | Villager (Male) |
| 12:59 | Build | House |
| 13:22 | Research | Man-at-Arms (upgrade) |
| 13:23 | Queue | Villager (Male) |
| 13:27 | Build | Farm |
| 13:41 | Queue | Archer |
| 13:45 | Build | Blacksmith |
| 13:49 | Queue | Villager (Male) |
| 13:59 | Queue | Villager (Male) |
| 14:11 | Build | Farm |
| 14:14 | Build | Farm |
| 14:15 | Queue | Villager (Male) |
| 14:31 | Queue | Archer |
| 14:38 | Queue | Archer |
| 14:58 | Build | Farm |
| 15:05 | Research | Fletching |
| 15:12 | Queue | Villager (Male) |
| 15:15 | Build | Farm |
| 15:17 | Build | Farm |
| 15:20 | Build | Farm |
| 15:25 | Build | House |
| 15:28 | Queue | Archer |
| 15:46 | Queue | Spearman |
| 15:47 | Queue | Villager (Male) |
| 15:50 | Build | Farm |
| 16:12 | Queue | Archer |
| 16:13 | Queue | Villager (Male) |
| 16:36 | Queue | Villager (Male) |
| 16:52 | Queue | Villager (Male) |
| 16:55 | Queue | Archer |
| 16:56 | Build | Farm |
| 16:58 | Build | Farm |
| 17:00 | Build | Farm |
| 17:22 | Build | Market |
| 17:28 | Queue | Archer |
| 17:35 | Build | House |
| 17:42 | Research | Scale Mail Armor |
| 17:45 | Queue | Villager (Male) |
| 18:21 | Research | Castle Age |
| 18:21 | Research | Castle Age |
| 18:57 | Queue | Archer |
| 19:10 | Queue | Archer |
| 19:13 | Build | Archery Range |
| 19:46 | Queue | Archer |
| 19:55 | Queue | Archer |
| 20:02 | Queue | Archer |
| 20:06 | Research | Gold Mining |
| 20:07 | Build | House |
| 20:08 | Build | House |
| 20:22 | Queue | Archer |
| 20:48 | Queue | Villager (Male) |
| 20:48 | Queue | Archer |
| 20:57 | Queue | Archer |
| 20:59 | Queue | Archer |
| 21:02 | Age | Castle Age |
| 21:06 | Research | Bodkin Arrow |
| 21:10 | Queue | Villager (Male) |
| 21:12 | Build | Town Center |
| 21:30 | Queue | Archer |
| 21:32 | Queue | Archer |
| 21:33 | Queue | Villager (Male) |
| 21:41 | Queue | Militia |
| 21:41 | Queue | Militia |
| 21:43 | Queue | Villager (Male) ×5 |
| 21:47 | Build | Town Center |
| 22:15 | Research | Crossbowman (upgrade) |
| 22:16 | Queue | Villager (Male) |
| 22:32 | Queue | Villager (Male) |
| 22:33 | Queue | Archer |
| 22:43 | Queue | Archer |
| 22:45 | Queue | Villager (Male) |
| 22:49 | Research | Bow Saw |
| 22:49 | Research | Bow Saw |
| 23:00 | Queue | Archer |
| 23:00 | Queue | Villager (Male) |
| 23:13 | Queue | Archer |
| 23:18 | Queue | Villager (Male) |
Build order — chandu champion
First 150 of 505 actions detected
| 0:00 | Queue | Villager (Male) |
| 0:00 | Queue | Villager (Male) |
| 0:01 | Queue | Villager (Male) |
| 0:01 | Queue | Villager (Male) |
| 0:02 | Build | House |
| 0:03 | Build | House |
| 1:23 | Queue | Villager (Male) |
| 1:56 | Build | Lumber Camp |
| 1:58 | Queue | Villager (Male) |
| 2:08 | Queue | Villager (Male) |
| 2:41 | Queue | Villager (Male) |
| 2:55 | Queue | Villager (Male) |
| 3:28 | Queue | Villager (Male) |
| 3:48 | Build | House |
| 4:01 | Queue | Villager (Male) |
| 4:17 | Queue | Villager (Male) |
| 4:32 | Build | Barracks |
| 4:41 | Queue | Villager (Male) |
| 5:09 | Queue | Villager (Male) |
| 5:11 | Build | House |
| 5:30 | Queue | Militia |
| 5:34 | Queue | Villager (Male) |
| 5:46 | Queue | Militia |
| 5:48 | Queue | Villager (Male) |
| 6:08 | Queue | Villager (Male) |
| 6:14 | Queue | Militia |
| 6:27 | Build | House |
| 6:29 | Queue | Militia |
| 6:33 | Queue | Villager (Male) |
| 6:38 | Build | Palisade Wall |
| 6:45 | Build | Palisade Wall |
| 6:47 | Build | Palisade Wall |
| 6:48 | Build | Palisade Wall |
| 7:08 | Queue | Villager (Male) |
| 7:18 | Research | Loom |
| 7:30 | Queue | Villager (Male) |
| 7:42 | Queue | Villager (Male) |
| 8:03 | Queue | Villager (Male) |
| 8:27 | Build | Mill |
| 9:05 | Queue | Villager (Male) |
| 9:07 | Build | Farm |
| 9:20 | Queue | Villager (Male) |
| 9:22 | Queue | Villager (Male) |
| 9:24 | Build | Farm |
| 9:25 | Build | Farm |
| 9:39 | Queue | Villager (Male) |
| 9:42 | Build | Farm |
| 9:52 | Build | House |
| 9:54 | Build | House |
| 9:56 | Queue | Villager (Male) |
| 9:58 | Build | House |
| 10:06 | Queue | Villager (Male) |
| 10:25 | Build | Farm |
| 10:33 | Build | Mill |
| 10:38 | Queue | Villager (Male) |
| 10:54 | Build | Farm |
| 10:56 | Build | Farm |
| 11:09 | Queue | Villager (Male) |
| 11:10 | Build | Farm |
| 11:38 | Build | Farm |
| 11:48 | Research | Feudal Age |
| 11:48 | Research | Feudal Age |
| 11:52 | Build | Palisade Wall |
| 11:59 | Build | Palisade Wall |
| 12:02 | Build | Palisade Wall |
| 12:20 | Build | Palisade Wall |
| 12:32 | Build | Mining Camp |
| 12:37 | Build | House |
| 13:11 | Queue | Villager (Male) |
| 13:37 | Queue | Villager (Male) |
| 13:58 | Age | Feudal Age |
| 13:59 | Build | Archery Range |
| 14:01 | Research | Double-Bit Axe |
| 14:05 | Queue | Villager (Male) |
| 14:10 | Queue | Villager (Male) |
| 14:14 | Research | Man-at-Arms (upgrade) |
| 14:14 | Queue | Villager (Male) |
| 14:27 | Build | House |
| 14:30 | Build | House |
| 14:41 | Queue | Skirmisher |
| 14:47 | Build | Farm |
| 14:48 | Build | Farm |
| 15:07 | Queue | Skirmisher |
| 15:21 | Queue | Skirmisher |
| 15:26 | Build | House |
| 15:30 | Build | Farm |
| 15:37 | Queue | Skirmisher |
| 15:45 | Queue | Villager (Male) |
| 15:47 | Build | Farm |
| 15:57 | Queue | Villager (Male) |
| 16:01 | Queue | Skirmisher |
| 16:10 | Queue | Villager (Male) |
| 16:20 | Queue | Villager (Male) |
| 16:24 | Build | Blacksmith |
| 16:30 | Queue | Villager (Male) |
| 16:33 | Build | Farm |
| 16:38 | Queue | Archer |
| 16:49 | Queue | Villager (Male) |
| 16:54 | Queue | Villager (Male) |
| 16:56 | Build | Farm |
| 17:07 | Build | Farm |
| 17:10 | Queue | Villager (Male) |
| 17:11 | Queue | Archer |
| 17:26 | Research | Fletching |
| 17:26 | Queue | Villager (Male) |
| 17:29 | Build | Farm |
| 17:37 | Queue | Archer |
| 17:42 | Research | Wheelbarrow |
| 17:51 | Build | Farm |
| 17:57 | Build | Farm |
| 18:04 | Queue | Villager (Male) |
| 18:16 | Queue | Archer |
| 18:23 | Build | House |
| 19:00 | Research | Castle Age |
| 19:04 | Build | Archery Range |
| 19:18 | Build | House |
| 19:21 | Build | House |
| 19:22 | Build | House |
| 19:40 | Research | Padded Archer Armor |
| 19:40 | Queue | Villager (Male) |
| 19:45 | Research | Gold Mining |
| 19:48 | Queue | Archer |
| 19:50 | Queue | Villager (Male) |
| 20:04 | Build | Lumber Camp |
| 20:09 | Build | Farm |
| 20:24 | Queue | Villager (Male) |
| 20:25 | Queue | Archer |
| 20:39 | Queue | Archer |
| 20:57 | Queue | Villager (Male) |
| 21:04 | Build | House |
| 21:05 | Queue | Archer |
| 21:12 | Queue | Archer |
| 21:25 | Queue | Archer |
| 21:32 | Build | Farm |
| 21:36 | Queue | Archer |
| 21:40 | Age | Castle Age |
| 21:45 | Research | Crossbowman (upgrade) |
| 21:45 | Research | Bodkin Arrow |
| 21:46 | Queue | Villager (Male) |
| 21:53 | Queue | Unit 1974 |
| 22:00 | Build | Farm |
| 22:10 | Queue | Villager (Male) |
| 22:13 | Queue | Unit 1974 |
| 22:22 | Queue | Archer |
| 22:31 | Queue | Villager (Male) |
| 22:39 | Build | Town Center |
| 23:00 | Research | Elite Skirmisher (upgrade) |
| 23:01 | Queue | Archer |
| 23:01 | Queue | Archer |
| 23:07 | Queue | Villager (Male) |
Match timeline
| 4:32 | chandu champion · first_building Barracks |
| 4:37 | OSO_CT · first_building Barracks |
| 5:43 | OSO_CT · wall_segment Palisade Wall x1 |
| 5:44 | OSO_CT · wall_segment Palisade Wall x1 |
| 6:38 | chandu champion · wall_segment Palisade Wall x6 |
| 6:45 | chandu champion · wall_segment Palisade Wall x8 |
| 6:47 | chandu champion · wall_segment Palisade Wall x3 |
| 6:48 | chandu champion · wall_segment Palisade Wall x1 |
| 9:03 | OSO_CT · wall_segment Palisade Wall x1 |
| 9:27 | OSO_CT · wall_segment Palisade Wall x1 |
| 9:45 | OSO_CT · wall_segment Palisade Wall x9 |
| 9:56 | OSO_CT · wall_segment Palisade Wall x1 |
| 10:22 | OSO_CT · age_up feudal |
| 10:26 | OSO_CT · first_building Archery Range |
| 11:04 | OSO_CT · wall_segment Palisade Wall x1 |
| 11:07 | OSO_CT · wall_segment Palisade Wall x1 |
| 11:08 | OSO_CT · wall_segment Palisade Wall x1 |
| 11:10 | OSO_CT · wall_segment Palisade Wall x1 |
| 11:28 | OSO_CT · wall_segment Palisade Wall x1 |
| 11:52 | chandu champion · wall_segment Palisade Wall x6 |
| 11:59 | chandu champion · wall_segment Palisade Wall x4 |
| 12:02 | chandu champion · wall_segment Palisade Wall x5 |
| 12:10 | OSO_CT · wall_segment Palisade Wall x1 |
| 12:20 | chandu champion · wall_segment Palisade Wall x1 |
| 13:58 | chandu champion · age_up feudal |
| 13:59 | chandu champion · first_building Archery Range |
| 18:16 | OSO_CT · first_market_sell 100 wood |
| 21:02 | OSO_CT · age_up castle |
| 21:40 | chandu champion · age_up castle |
| 23:42 | chandu champion · wall_segment Palisade Wall x1 |
| 24:41 | chandu champion · wall_segment Palisade Wall x1 |
| 27:12 | OSO_CT · wall_segment Palisade Wall x4 |
| 27:46 | OSO_CT · first_building Siege Workshop |
| 27:59 | OSO_CT · first_building Monastery |
| 29:22 | chandu champion · first_building Monastery |
| 31:59 | OSO_CT · wall_segment Stone Wall x8 |
| 33:30 | OSO_CT · first_market_buy 100 food |
| 33:55 | chandu champion · first_building Castle |
| 36:07 | OSO_CT · wall_segment Stone Wall x15 |
| 36:42 | OSO_CT · age_up imperial |
| 37:20 | chandu champion · age_up imperial |
| 39:39 | OSO_CT · first_building Castle |
| 40:31 | chandu champion · first_building Siege Workshop |
| 45:10 | chandu champion · resign |
[ AI ANALYSIS · 1 CREDIT ]
What really happened in this match?
Wolo.gg analyzes every decision: build order, eco, micro, common mistakes by bracket. Personalized analysis on WhatsApp or Discord in 30 seconds.
Civ guide
Romans
Perfil
OSO_CT